 Dungeon Crawl Stone Soup version 0.31.0-32-g396128a36d (webtiles) character file.

Game seed: 2391176681639610221

83 Venard the Ruffian (level 4, -14/34 HPs)
             Began as a Vampire Shapeshifter on Apr 6, 2024.
             Demolished by an ogre
             ... wielding a +0 giant spiked club
              (26 damage)
             ... on level 3 of the Dungeon.
             The game lasted 00:06:18 (1821 turns).

Venard the Ruffian (Vampire Shapeshifter)           Turns: 1821, Time: 00:06:20

Health: -14/34     AC:  2    Str: 15    XL:     4   Next: 22%
Magic:  4/4        EV: 12    Int: 12    God:
Gold:   127        SH:  0    Dex: 19    Spells: 3/3 levels left

rFire   . .          .
                       - Unarmed
rCold   . . .        (no shield)
rNeg    . . .        a - +0 animal skin
rPois   .            (helmet currently unavailable)
rElec   .            (cloak currently unavailable)
rCorr   .            (gloves currently unavailable)
SInv    +            (boots currently unavailable)
Will    +....        (no amulet)
Stlth   ++           f - ring of willpower
HPRegen 0.45/turn    k - +6 ring of dexterity
MPRegen 0.09/turn

%: no passive effects
@: beast-form, healing quickly
A: beast (slay +1), alive, fangs 3, see invisible, vampiric 2
a: Exsanguinate, Begin Untransformation


You were on level 3 of the Dungeon.
You were a hulking beast.
You visited 1 branch of the dungeon, and saw 3 of its levels.

You collected 127 gold pieces.

Inventory:

Hand Weapons
 e - a +0 dagger
 n - a +0 triple sword
Missiles
 v - 3 javelins (quivered)
Armour
 a - a +0 animal skin (worn)
 o - a +0 helmet
 r - a +0 buckler
Jewellery
 f - a ring of willpower (left hand)
 k - a +6 ring of dexterity (right hand)
 s - an amulet of faith
Talismans
 c - a beast talisman (active)
 d - a flux talisman
Scrolls
 g - a scroll of summoning
 h - a scroll of immolation {unknown}
 j - a scroll of acquirement {unknown}
 p - a scroll of torment {unknown}
 t - a scroll of teleportation {unknown}
 u - a scroll of fear {unknown}
Potions
 b - a potion of lignification
 i - 2 potions of heal wounds
 l - 4 potions of degeneration
 m - a potion of cancellation {unknown}
 q - 2 potions of mutation {unknown}
 w - 2 potions of ambrosia {unknown}


   Skills:
 + Level 2.6 Fighting
 - Level 2.1 Dodging
 * Level 4.6 Unarmed Combat
 - Level 3.2 Shapeshifting


You had 3 spell levels left.
You didn't know any spells.
Your spell library was empty.

Dungeon Overview and Level Annotations

Branches:
Dungeon (3/15)

Altars:


Innate Abilities, Weirdness & Mutations

You are a hulking beast.
Your limbs bulge with bestial killing power. (Slay +1)
Your natural rate of healing is accelerated.
You have razor-sharp teeth.
You have supernaturally acute eyesight. (SInv)
You are afflicted with vampirism and can become a bat while bloodless.


Message History

You punch the goblin!
You kill the goblin!
No target in view!
No target in view!
No target in view!
No target in view!
No target in view!
No target in view!
No target in view!
No target in view!
No target in view!
Things that are here:
a +0 club; a goblin corpse You see here a +0 sling.
Found a chain mail.
You see here a +0 plate armour.
Found a stone staircase leading up.
q - 2 sapphire potions (gained 1)
A frilled lizard comes into view.
Found a helmet.
The helpless frilled lizard fails to defend itself.
You hit the frilled lizard.
You kill the frilled lizard!
No target in view!
No target in view!
An ogre comes into view. It is wielding a +0 giant spiked club.
An ogre is nearby!
You begin transforming.
You continue transforming. x2
The ogre shouts!
You continue transforming.
Your transformation has ended.
You turn into a hulking beast.
An ogre is nearby!
You begin transforming.
You continue transforming.
The ogre hits you with a +0 giant spiked club!!
Ouch! That really hurt!
You continue transforming.
The ogre hits you with a +0 giant spiked club!!
Ouch! That really hurt!
You die...

#####.##.......####.#......#.#
.........................>.#.#
#####.##).....#######.#......#
#####.##......# ####.#....#.#
......##......## #....###.#######
......##.......# #..............#
......######...###...####[#####.#
......# #...O...<......#.....#
......# #....h....####.#.#####
####..### ##........# #.#.#
#....### #........# ##.#.#####
##.#...# #.....#### #.........
#.###.###.....# ##..#.##### #.#
#...#.....# ##...#.#
##.#####.......# ##....#.#
#........##...## #..#..#.#
#........####..###.##..#.#


You could see an ogre.

Vanquished Creatures
  2 adders (D:3)
  4 dart slugs
  A ribbon worm (D:3)
  7 bats
  8 endoplasms
  2 giant cockroaches
  4 goblins
  5 hobgoblins
  2 jackals (D:3)
  2 quokkas
  4 ball pythons
  5 frilled lizards
  A kobold (D:2)
  4 rats (D:1)
51 creatures vanquished.

Notes
Turn   | Place    | Note
-------+----------+-------------------------------------------
     0 | D:1      | Venard the Vampire Shapeshifter began the quest for the
                  | Orb.
     0 | D:1      | Reached XP level 1. HP: 14/14 MP: 1/1
    16 | D:1      | Reached skill level 1 in Fighting
   119 | D:1      | Reached XP level 2. HP: 18/22 MP: 2/2
   525 | D:1      | Gained mutation: You are afflicted with vampirism and can
                  | become a bat while bloodless. [Vampire growth]
   525 | D:1      | Reached XP level 3. HP: 27/27 MP: 3/3
   713 | D:2      | Reached skill level 4 in Unarmed Combat
  1490 | D:3      | Reached XP level 4. HP: 26/34 MP: 4/4
  1813 | D:3      | Noticed an ogre
  1821 | D:3      | Demolished by an ogre

Illustrated notes

Levels and vault maps discovered:
D:1:      dpeg_arrival_round_b, layout_loops_ring
D:2:      layout_basic, basic_altar, minmay_indecisive_spiral
D:3:      layout_basic

Skill      XL: |  1  2  3 |
---------------+----------+-----
Fighting       | 1 2 |  2.6
Unarmed Combat | 4 |  4.6
Dodging        | |  2.1
Shapeshifting  | |  3.2

Action                     |  1- 3 |  4- 6 || total
---------------------------+-------+-------++-------
  Melee: Unarmed           |   106 |    12 ||   118
         Bite              |     8 |       ||     8
         Punch             |     1 |       ||     1
    Use: Scroll            |     3 |       ||     3
   Stab: Sleeping          |     3 |     1 ||     4
 Armour: Animal skin       |    53 |     6 ||    59
  Dodge: Dodged            |    62 |     5 ||    67
   Form: Beast             |       |     1 ||     1
         Flux              |       |     1 ||     1
